General information
- name: BNet
- type: Ladder team game (AT/RT)
- host: Battle.net
- saver: TIMG4STRok
map: TurtleRock
- players: 4
- length: 08:29
- speed: Fast
- version: 1.21 W3XP
- replay type:

» download(50 KB)
Players
team 1 (winner)

»
iggy_the_fisk (
red | 134 APM | 1135 actions | 08:28)
1 Demon Hunter
1 Mana Burn
» actions
| Assign group hotkey | 189 | |
| Basic commands | 3 | |
| Build / train | 29 | |
| Enter build submenu | 9 | |
| Enter hero's abilities submenu | 1 | |
| Remove unit from queue | 1 | |
| Right click | 577 | |
| Select / deselect | 95 | |
| Select group hotkey | 204 | |
| Use ability | 27 | |
1135 total
» units
| Wisp | 10 | |
| Archer | 4 | |
| Druid of the Claw | 3 | |
17 total
» upgrades
| Druid of the Claw Training | 2 | |
2 total
» buildings
| Altar of Elders | 1 | |
| Moon Well | 4 | |
| Ancient of War | 1 | |
| Tree of Ages | 2 | |
| Hunter's Hall | 1 | |
| Ancient of Lore | 2 | |
| Tree of Eternity | 1 | |
12 total
» build order
00:04 Altar of Elders
00:18 Moon Well
00:32 Ancient of War
01:27 Moon Well
02:28 Tree of Ages
02:29 Tree of Ages
03:43 Hunter's Hall
03:55 Moon Well
04:59 Ancient of Lore
05:07 Tree of Eternity
05:10 Ancient of Lore
05:42 Moon Well

»
TIMG4STRok (
teal | 212 APM | 1804 actions | 08:29)
2 Demon Hunter
1 Mana Burn
1 Evasion
1 Keeper of the Grove
1 Entangling Roots
» actions
| Assign group hotkey | 15 | |
| Basic commands | 22 | |
| Build / train | 25 | |
| Enter build submenu | 10 | |
| Enter hero's abilities submenu | 3 | |
| Right click | 803 | |
| Select / deselect | 166 | |
| Select group hotkey | 728 | |
| Use ability | 32 | |
1804 total
» units
» upgrades
» buildings
| Altar of Elders | 1 | |
| Moon Well | 4 | |
| Hunter's Hall | 1 | |
| Ancient of War | 1 | |
| Tree of Ages | 1 | |
| Ancient of Lore | 2 | |
| Tree of Eternity | 1 | |
11 total
» build order
00:04 Altar of Elders
00:22 Moon Well
01:26 Hunter's Hall
01:45 Ancient of War
01:59 Moon Well
03:21 Tree of Ages
03:44 Moon Well
05:49 Ancient of Lore
05:50 Ancient of Lore
06:36 Moon Well
06:52 Tree of Eternity
team 2 (loser)
GreY-BlooD (
orange | 99 APM | 840 actions | 08:28)
3 Death Knight
2 Death Coil
1 Unholy Aura
» actions
| Assign group hotkey | 15 | |
| Basic commands | 102 | |
| Build / train | 34 | |
| ESC pressed | 1 | |
| Enter build submenu | 15 | |
| Enter hero's abilities submenu | 3 | |
| Right click | 277 | |
| Select / deselect | 189 | |
| Select group hotkey | 156 | |
| Use ability | 48 | |
840 total
» units
| Acolyte | 3 | |
| Ghoul | 1 | |
| Crypt Fiend | 10 | |
14 total
» upgrades
» buildings
| Graveyard | 1 | |
| Crypt | 1 | |
| Altar of Darkness | 1 | |
| Ziggurat | 4 | |
| Tomb of Relics | 1 | |
| Nerubian Tower | 2 | |
| Halls of the Dead | 1 | |
| Orc Burrow | 2 | |
| Watch Tower | 1 | |
14 total
» build order
00:06 Graveyard
00:12 Crypt
00:44 Altar of Darkness
00:57 Ziggurat
01:30 Tomb of Relics
02:02 Ziggurat
02:34 Nerubian Tower
04:03 Ziggurat
04:55 Halls of the Dead
05:49 Ziggurat
07:28 Orc Burrow
07:31 Orc Burrow
08:19 Watch Tower
» items
| Rod of Necromancy | 1 | |
| Dust of Appearance | 2 | |
| Scroll of Town Portal | 2 | |
| Lesser Clarity Potion | 1 | |
| Potion of Mana | 4 | |
| Potion of Healing | 2 | |
12 total
iNightElf (
blue | 68 APM | 393 actions | 05:49)
1 Blademaster
1 Wind Walk
» actions
| Assign group hotkey | 1 | |
| Basic commands | 3 | |
| Build / train | 22 | |
| Enter build submenu | 6 | |
| Enter hero's abilities submenu | 1 | |
| Right click | 273 | |
| Select / deselect | 68 | |
| Select group hotkey | 8 | |
| Use ability | 11 | |
393 total
» units
» buildings
| Altar of Storms | 1 | |
| Barracks | 1 | |
| Orc Burrow | 2 | |
| Voodoo Lounge | 1 | |
| Stronghold | 1 | |
| War Mill | 1 | |
7 total
» build order
00:07 Altar of Storms
00:11 Barracks
00:20 Orc Burrow
01:49 Orc Burrow
02:15 Voodoo Lounge
03:34 Stronghold
03:42 War Mill
» items
Chat log
(00:25 / All) TIMG4STRok: gl hf
(00:37 / All) TIMG4STRok: gl hf
(01:01 / All) TIMG4STRok: gl, hf
(03:47 / All) iNightElf: Ok?
(05:53 / All) TIMG4STRok: damn
(06:02 / All) TIMG4STRok: gl hf
(06:08 / All) iggy_the_fisk: some friend youa re??
(06:15 / All) iggy_the_fisk: nope 2 late for that
(06:55 / All) TIMG4STRok: what now.